 Dungeon Crawl Stone Soup version 0.16-a0-621-gdc21f72 (webtiles) character file.

960 PolkaDot the Ducker (level 7, -1/55 HPs)
             Began as a Vampire Gladiator on Sept 17, 2014.
             Was a Plaything of Xom.
             Killed by divine providence
             ... invoked by an orc priest
              (9 damage)
             ... on Level 6 of the Dungeon.
             The game lasted 00:18:02 (5061 turns).

PolkaDot the Ducker (Vampire Gladiator)             Turns: 5061, Time: 00:18:02

HP  -1/55        AC  7     Str 14      XL: 7   Next: 92%
MP  16/16        EV 14     Int 15      God: Xom
Gold 251         SH  0     Dex 16      Spells:  2 memorised,  3 levels left

rFire  + . .     SeeInvis +     a - +3 quarterstaff (chaos)
rCold  + . .     Clarity  .     b - +0 leather armour
rNeg   . . .     rCorr    +     (no shield)
rPois  +         rRot     .     q - +0 helmet
rElec  +         Spirit   .     u - +0 cloak
SustAb .         Warding  .     (no gloves)
rMut   .         Stasis   .     r - +1 pair of boots
Gourm  .                        (no amulet)
MR     +....                    t - ring of protection from magic
                                i - ring of magical power

@: brilliant, resistant, flying (expiring), very slightly contaminated,
regenerating quickly, somewhat resistant to hostile enchantments, very
unstealthy
A: bottle blood, fangs 3, see invisible, unbreathing
a: Bottle Blood, Renounce Religion


You were on level 6 of the Dungeon.
You worshipped Xom.
You were a toy of Xom.
You were very full.

You visited 2 branches of the dungeon, and saw 7 of its levels.
You also visited: Sewer.

You collected 251 gold pieces.

Inventory:

Hand weapons
 a - a +3 quarterstaff of chaos (weapon)
Missiles
 d - 5 throwing nets (quivered)
 h - 2 silver javelins
Armour
 b - a +0 leather armour (worn)
 q - a +0 helmet (worn)
 r - a +1 pair of boots (worn)
 u - a +0 cloak (worn)
Magical devices
 f - a wand of hasting (1)
 y - a wand of confusion (9)
Scrolls
 c - 2 scrolls of remove curse
 g - a scroll of blinking
 k - a scroll of fear
 p - a scroll of teleportation {unknown}
 v - a scroll of immolation {unknown}
 w - 2 scrolls of amnesia
 x - 2 scrolls of magic mapping {unknown}
Jewellery
 i - a ring of magical power (left hand)
 t - a ring of protection from magic (right hand)
Potions
 e - 3 potions of magic
 s - a potion of flight
Books
 A - a book of Unlife

   Spells                             Type                      Level
   Recall                             Summoning/Translocation      3
   Animate Dead                       Necromancy                   4
   Control Undead                     Necromancy                   4
   Twisted Resurrection               Necromancy                   5
   Death Channel                      Necromancy                   6
   Simulacrum                         Ice/Necromancy               6


   Skills:
 + Level 4.5 Fighting
 * Level 5.8 Staves
 - Level 1.5 Throwing
 + Level 5.9 Dodging


You had 3 spell levels left.
You knew the following spells:

 Your Spells              Type           Power        Failure   Level  Hunger
q - Blink                 Tloc           N/A          4%          2    ###....
A - Apportation           Tloc           #.........   3%          1    ##.....


Dungeon Overview and Level Annotations

Branches:
Dungeon (6/15)             Temple (1/1) D:5

Altars:
Ashenzari
Cheibriados
Dithmenos
Elyvilon
Fedhas
Gozag
Kikubaaqudgha
Makhleb
Nemelex Xobeh
Okawaru
Qazlal
Sif Muna
Trog
Xom
Yredelemnul
Zin
The Shining One


Innate Abilities, Weirdness & Mutations

Your natural rate of healing is unusually fast.
You can bottle blood from corpses.
You have razor-sharp teeth.
You have supernaturally acute eyesight.
You can survive without breathing.


Message History

The orc warrior is almost dead.
The orc priest mumbles some strange prayers to Beogh against you.
Something smites you!
* * * LOW HITPOINT WARNING * * *
Drink which item? (? for menu, Esc to quit)
You feel much better.
You feel sick.
The orc warrior hits you with a scimitar!
* * * LOW HITPOINT WARNING * * *
You hit the orc warrior. You burn the orc warrior.
The orc warrior is almost dead.
The orc warrior barely misses you.
The orc priest invokes the aid of Beogh against you.
Something smites you!
* * * LOW HITPOINT WARNING * * *
You are starting to lose your buoyancy.
You feel sick.
You are no longer poisoned.
The orc priest mumbles some strange prayers to Beogh against you.
Something smites you!
You die...

### +.# , #.# * * #.#
, #.# , #.# ,, #.#*
,* ,* #.# **
**######@#.#* *
,#..o.o...# *,** #
#o######.# ,, ,,#.#.#
.# ,
,*,**,#.#o######.####
* ,#.o...oo......# *
, ###)######.##.# ,*,
* #.# *,
##########.######.# ,


You could see an orc warrior, an orc priest and an orc.

Vanquished Creatures
  An ice beast (D:6)
  A phantom (D:4)
  An ogre (D:4)
  A jelly (D:5)
  A crimson imp (D:4)
  An orc priest (D:3)
  Crazy Yiuf (D:3)
  7 worker ants
  A hound (D:4)
  An orc wizard (D:6)
  Ijyb (D:2)
  Terence (D:2)
  7 gnolls
  7 adders
  5 green rats
  2 giant mites
  2 worms
  An orc skeleton (D:5)
  2 giant geckos
  5 orcs
  4 ball pythons
  10 bats
  9 giant cockroaches
  A gnoll zombie (D:5)
  13 goblins
  7 hobgoblins
  5 jackals
  3 quokkas
  8 giant newts
  A goblin skeleton (D:5)
  15 kobolds
  A kobold zombie (D:5)
  21 rats
  A rat zombie (D:3)
148 creatures vanquished.

Vanquished Creatures (others)
  A hound zombie (D:4)
1 creature vanquished.

Grand Total: 149 creatures vanquished

Notes
Turn   | Place    | Note
--------------------------------------------------------------
     0 | D:1      | PolkaDot, the Vampire Gladiator, began the quest for the Orb.
     0 | D:1      | Reached XP level 1. HP: 16/16 MP: 1/1
    96 | D:1      | Reached XP level 2. HP: 15/22 MP: 2/2
   690 | D:1      | Reached XP level 3. HP: 27/27 MP: 3/3
  1032 | D:2      | Noticed Ijyb
  1052 | D:2      | Killed Ijyb
  1052 | D:2      | Reached skill level 4 in Dodging
  1064 | D:2      | Reached XP level 4. HP: 19/34 MP: 4/4
  1165 | D:2      | Noticed Terence
  1179 | D:2      | Killed Terence
  1480 | D:3      | Found a glowing golden altar of the Shining One.
  1600 | D:3      | Reached XP level 5. HP: 14/40 MP: 5/5
  1815 | D:3      | Found a glowing drain.
  1861 | Sewer    | Entered a sewer
  2574 | D:3      | Reached XP level 6. HP: 43/47 MP: 6/6
  2654 | D:3      | Found a glowing silver altar of Zin.
  2788 | D:3      | Noticed Crazy Yiuf
  2795 | D:3      | Killed Crazy Yiuf
  2973 | D:4      | Reached skill level 5 in Dodging
  3071 | D:4      | Found a snail-covered altar of Cheibriados.
  3170 | D:4      | Reached XP level 7. HP: 43/53 MP: 7/7
  3178 | D:4      | Reached skill level 5 in Staves
  3211 | D:4      | Found a bloodstained altar of Trog.
  3604 | D:5      | Entered Level 5 of the Dungeon
  3605 | D:5      | Found a basalt altar of Yredelemnul.
  3816 | D:5      | Found a staircase to the Ecumenical Temple.
  3825 | Temple   | Entered the Ecumenical Temple
  3985 | Temple   | Became a worshipper of Xom the Capricious
  4182 | D:5      | Learned a level 1 spell: Apportation
  4190 | D:5      | Learned a level 2 spell: Blink
  4564 | D:5      | XOM: harmless Tloc miscast
  5015 | D:6      | XOM: cast spell 'Metabolic Englaciation'
  5031 | D:6      | XOM: divination: magic mapping
  5061 | D:6      | Killed from afar by an orc priest

Action                   |  1- 3 |  4- 6 |  7- 9 || total
-------------------------+-------+-------+-------++-------
Melee: Quarterstaff      |   108 |   261 |   106 ||   475
Throw: Throwing net      |       |     3 |     1 ||     4
 Abil: Bottle Blood      |       |     2 |     6 ||     8
Evoke: Wand              |       |       |     1 ||     1
  Use: Potion            |     1 |     2 |    16 ||    19
       Scroll            |       |    10 |     1 ||    11
 Stab: Held in net/web   |       |     2 |       ||     2
       Sleeping          |       |     3 |       ||     3
       Petrified         |       |       |     3 ||     3
       Confused          |       |       |     1 ||     1
       Petrifying        |       |       |     1 ||     1
       Paralysed         |       |       |     1 ||     1
  Eat: Corpse            |    12 |    20 |     2 ||    34
